 Dungeon Crawl Stone Soup version 0.22-a0-422-g9628fc8 (webtiles) character file.

112 Veiltonx the Chucker (level 4, -1/45 HPs)
             Began as an Ogre Hunter on May 17, 2018.
             Slain by an orc wizard
             ... wielding a +0 dagger
              (3 damage)
             ... on level 3 of the Dungeon.
             The game lasted 00:07:55 (3036 turns).

Veiltonx the Chucker (Ogre Hunter)                  Turns: 3036, Time: 00:07:55

Health: -1/45      AC:  4    Str: 17    XL:     4   Next: 95%
Magic:  4/4        EV: 10    Int: 12    God:
Gold:   158        SH:  0    Dex:  9    Spells: 3/3 levels left

rFire    . . .     SeeInvis .   h - +0 whip
rCold    . . .     Gourm    .   (no shield)
rNeg     . . .     Faith    .   b - +0 robe
rPois    .         Spirit   .   (helmet restricted)
rElec    .         Reflect  .   p - +0 cloak
rCorr    +         Harm     .   (gloves unavailable)
MR       .....                  (boots unavailable)
Stlth    ++........             (no amulet)
HPRegen  0.15/turn              g - ring of resist corrosion
MPRegen  0.09/turn              (no ring)

@: no status effects
A: large, unfitting armour, tough skin 1
a: no special abilities


You were on level 3 of the Dungeon.
You were not hungry.

You visited 1 branch of the dungeon, and saw 3 of its levels.

You collected 158 gold pieces.

Inventory:

Hand Weapons
 h - a +0 whip (weapon)
Missiles
 c - 5 large rocks (quivered)
 d - 2 throwing nets
Armour
 b - a +0 robe (worn)
 l - a +0 large shield
 p - a +0 cloak (worn)
Jewellery
 g - a ring of resist corrosion (left hand)
Scrolls
 a - 2 scrolls of enchant weapon {unknown}
 e - 4 scrolls of remove curse {unknown}
 j - a scroll of identify {unknown}
 k - a scroll of magic mapping {unknown}
 n - 3 scrolls of teleportation {unknown}
Potions
 m - a potion of resistance {unknown}
Comestibles
 f - 3 rations
 o - 5 chunks of flesh


   Skills:
 + Level 3.5 Fighting
 * Level 2.2 Maces & Flails
 - Level 4.3 Throwing
 - Level 2.1 Dodging
 - Level 1.8 Stealth


You had 3 spell levels left.
You didn't know any spells.
Your spell library contained the following spells:

 Spells                   Type           Power        Failure   Level  Hunger
 Animate Dead             Necr           N/A          97%         4    #####..
 Pain                     Necr           #...         32%         1    ##.....
 Animate Skeleton         Necr           N/A          32%         1    ##.....
 Vampiric Draining        Necr           #.........   69%         3    ####...
 Regeneration             Chrm/Necr      #.........   69%         3    ####...


Dungeon Overview and Level Annotations

Branches:
Dungeon (3/15)

Altars:


Innate Abilities, Weirdness & Mutations

You are too large for most types of armour.
You have tough skin. (AC +1)


Message History

You miss something. Something hits you but does no damage.
You barely miss something. Something hits you but does no damage.
You barely miss something. Something hits you but does no damage.
You miss something. Something hits you.
* * * LOW HITPOINT WARNING * * *
You miss something. Something hits you but does no damage.
You barely miss something. Something hits you.
* * * LOW HITPOINT WARNING * * *
You hit something. Something hits you but does no damage.
You completely miss something. Something hits you.
* * * LOW HITPOINT WARNING * * *
You barely miss something. Something hits you but does no damage.
You miss something. Something hits you but does no damage.
You closely miss something. Something hits you but does no damage.
You closely miss something.
An orc wizard appears from thin air!
Reactivating autopickup.
The orc wizard closely misses you.
It was a potion of cancellation.
You feel magically purged. The orc wizard hits you with a dagger.
You die...

#.# #.# # #.#
#.# #?#># #.#
#.#$#.######.#
#............#
###.#.########
#.# #.# #@#
#o# #o# #.#
#.# ..# ###


You could see an orc wizard and an orc.

Vanquished Creatures
  3 adders (D:2)
  An ooze (D:1)
  2 worms (D:2)
  3 dart slugs
  A leopard gecko (D:2)
  4 orcs (D:3)
  4 giant cockroaches
  6 goblins
  5 hobgoblins
  9 jackals
  6 bats
  5 frilled lizards
  8 kobolds
  7 rats
64 creatures vanquished.

Notes
Turn   | Place    | Note
-------+----------+-------------------------------------------
     0 | D:1      | Veiltonx the Ogre Hunter began the quest for the Orb.
     0 | D:1      | Reached XP level 1. HP: 22/22 MP: 1/1
   136 | D:1      | Reached skill level 1 in Stealth
   136 | D:1      | Reached XP level 2. HP: 13/29 MP: 2/2
   815 | D:1      | Reached XP level 3. HP: 21/36 MP: 3/3
  1001 | D:1      | Reached skill level 1 in Maces & Flails
  1794 | D:2      | Reached XP level 4. HP: 45/45 MP: 4/4
  3031 | D:3      | HP: 1/45 [something (3)]
  3036 | D:3      | Slain by an orc wizard

Vault maps used:
D:1:      minmay_arrival_nine_rooms
D:3:      nicolae_tso_carved_into_rock, uniq_jessica, uniq_terence,
          uniq_sigmund, uniq_robin

Skill      XL: |  1  2  3  4 |
---------------+-------------+-----
Dodging        | 2 |  2.1
Stealth        | 1 |  1.8
Fighting       | 3 |  3.5
Maces & Flails | 1 2 |  2.2
Throwing       | |  4.3

Action                   |  1- 3 |  4- 6 || total
-------------------------+-------+-------++-------
Melee: Short sword       |     9 |       ||     9
       Whip              |   156 |   152 ||   308
  Use: Potion            |       |     1 ||     1
 Stab: Sleeping          |     2 |     1 ||     3
  Eat: Chunk             |     3 |     4 ||     7
Armor: Robe              |    51 |    31 ||    82
Dodge: Dodged            |    95 |    66 ||   161

Table legend:
 A = Spawn XP
 B = Non-spawn XP
 C = Spawn XP percentage of total XP
 D = Spawn monster count
 E = Non-spawn monster count
 F = Spawn count percentage of total count
 G = Total turns spent on level
                    A         B        C        D         E        F      G
               +---------+---------+-------+---------+---------+-------+---------
         Total |       0 |     161 |   0.0 |       0 |      64 |   0.0 |  3036
               +---------+---------+-------+---------+---------+-------+---------
           D:1 |       0 |      54 |   0.0 |       0 |      28 |   0.0 |  1398
           D:2 |       0 |      88 |   0.0 |       0 |      27 |   0.0 |  1334
           D:3 |       0 |      19 |   0.0 |       0 |       9 |   0.0 |   304
               +---------+---------+-------+---------+---------+-------+---------
